 Dungeon Sprint DCSS version 0.24-a0-250-g6074511092 (webtiles) character file.

Game seed: 9308827987629065765

153 Redear the Ruffian (level 5, -1/55 HPs)
             Began as a Troll Fighter on Apr 15, 2019.
             Killed from afar by a deep elf mage (16 damage)
             ... with a bolt of magma
             ... in the Dungeon (Sprint III: "The Ten Rune Challenge").
             The game lasted 00:01:18 (214 turns).

Redear the Ruffian (Troll Fighter)                   Turns: 214, Time: 00:01:18

Health: -1/55      AC:  6    Str: 24    XL:     5   Next: 12%
Magic:  4/4        EV: 10    Int:  4    God:
Gold:   13         SH:  9    Dex: 10    Spells: 4/4 levels left

rFire    + . .     SeeInvis .     - Unarmed
rCold    . . .     Gourm    +   b - +0 shield
rNeg     . . .     Faith    .   a - +0 robe
rPois    .         Spirit   .   (helmet restricted)
rElec    +         Reflect  .   (no cloak)
rCorr    .         Harm     .   (gloves unavailable)
MR       .....     NoTele   +   (boots unavailable)
Stlth    +.........             (no amulet)
HPRegen  0.58/turn              (no ring)
MPRegen  0.09/turn              (no ring)

@: no status effects
A: large, unfitting armour, claws 3, fire resistance 1, fast metabolism 3,
gourmand, regeneration 1, shaggy fur 1, electricity resistance, tough skin 3,
subdued magic 1
a: no special abilities


You were in the Dungeon.
You were not hungry.

You visited 1 branch You collected 13 gold pieces.

Inventory:

Armour
 a - a +0 robe (worn)
 b - a +0 shield (worn)
Scrolls
 g - a scroll of torment {unknown}
 j - 3 scrolls of identify {unknown}
 l - a scroll of immolation {unknown}
 B - 2 scrolls of blinking {@r4}
Potions
 c - a potion of might {Str+5 DMG+1d10 | @q3}
 d - a potion of degeneration {unknown}
 e - a potion of mutation {!q}
 h - 2 potions of magic
 i - a potion of berserk rage
 k - a potion of resistance {unknown}
 H - a potion of haste {@q5}
 Q - 3 potions of curing {@q2}
Comestibles
 z - 4 rations


   Skills:
 + Level 4.9 Fighting
 + Level 4.9 Dodging
 + Level 4.9 Shields
 + Level 5.4 Unarmed Combat


You had 4 spell levels left.
You didn't know any spells.
Your spell library was empty.

Dungeon Overview and Level Annotations

Branches:
Dungeon (1/1)

Altars:
Elyvilon
Zin
The Shining One


Innate Abilities, Weirdness & Mutations

You are too large for most types of armour.
You have claws for hands.
Your metabolism is lightning-fast.
You like to eat raw meat.
Your natural rate of healing is unusually fast.
You are covered in fur. (AC +1)
You have extremely tough skin. (AC +3)
Your flesh is heat resistant. (rF+)
You are resistant to electric shocks. (rElec)
Your spells are a little easier to cast, but a little less powerful.


Message History

You miss the deep elf mage. The deep elf mage casts a spell at you.
The bolt of magma hits you!! You partially resist.
You take 18 damage, and have 31/55 hp.
MASSIVE DAMAGE!!
You claw the deep elf mage!
The deep elf mage is lightly wounded.
The deep elf mage gestures at you while chanting.
The stone arrow hits you!
You take 13 damage, and have 18/55 hp.
MASSIVE DAMAGE!!
You completely miss the deep elf mage.
The deep elf mage is lightly wounded.
The deep elf mage hits you with a +0 long sword of holy wrath.
* * * LOW HITPOINT WARNING * * *
You take 4 damage, and have 14/55 hp.
Unknown command.
You barely miss the deep elf mage.
The deep elf mage is lightly wounded.
The deep elf mage casts a spell at you. The bolt of magma hits you!
You partially resist.
You die...

▓▓▓▓▓ ▓▓▓ #...####
##.#####
#......#####..#___#
#.......#..#..#e@.#
##.##...#..#..###'#+###+
##.###..##'#..#..........
###.##..###...'.⌠........
#†.##).####...#...######+
...##..###....#.⌠.#
..##...##†....#...#
.##....#..†...#+###
###..##.#.....#


You could see a deep elf mage.

Vanquished Creatures
  A water elemental (D)
  A scorpion (D)
  Jessica (D)
  A human (D)
  An ooze (D)
  2 rats (D)
7 creatures vanquished.

Vanquished Creatures (others)
  6 hellions (D)
  A yaktaur (D)
7 creatures vanquished.

Grand Total: 14 creatures vanquished

Notes
Turn   | Place    | Note
-------+----------+-------------------------------------------
     0 | D        | Redear the Troll Fighter began the quest for the Orb.
     0 | D        | Reached XP level 1. HP: 22/22 MP: 0/0
    42 | D        | Noticed Jessica
    50 | D        | Killed Jessica
    50 | D        | Reached skill level 3 in Fighting
    50 | D        | Reached skill level 3 in Dodging
    50 | D        | Reached skill level 3 in Shields
    50 | D        | Reached skill level 3 in Unarmed Combat
    50 | D        | Reached XP level 2. HP: 31/31 MP: 1/1
    50 | D        | Reached XP level 3. HP: 37/37 MP: 2/2
    54 | D        | Noticed a scorpion
    58 | D        | Killed a scorpion
    58 | D        | Reached skill level 4 in Fighting
    58 | D        | Reached skill level 4 in Dodging
    58 | D        | Reached skill level 4 in Shields
    58 | D        | Reached skill level 4 in Unarmed Combat
    58 | D        | Reached XP level 4. HP: 48/48 MP: 3/3
    78 | D        | Killed a hellion
    78 | D        | Killed a hellion
    78 | D        | Killed a hellion
   102 | D        | Killed a hellion
   105 | D        | Gained mutation: You heal very quickly. [potion of
                  | mutation]
   105 | D        | Gained mutation: Your body sometimes deteriorates upon
                  | taking damage. [potion of mutation]
   105 | D        | Gained mutation: You are surrounded by a mild repulsion
                  | field. (EV +2) [potion of mutation]
   105 | D        | Killed a hellion
   106 | D        | Lost mutation: You are surrounded by a mild repulsion
                  | field. (EV +2) [potion of mutation]
   106 | D        | Lost mutation: Your body sometimes deteriorates upon taking
                  | damage. [potion of mutation]
   106 | D        | Lost mutation: You heal very quickly. [potion of mutation]
   106 | D        | Gained mutation: You are resistant to electric shocks.
                  | (rElec) [potion of mutation]
   106 | D        | Gained mutation: Your spells are a little easier to cast,
                  | but a little less powerful. [potion of mutation]
   106 | D        | Gained mutation: Your flesh is heat resistant. (rF+)
                  | [potion of mutation]
   106 | D        | Killed a hellion
   108 | D        | Noticed a water elemental
   114 | D        | HP: 1/49 [water elemental (14)]
   118 | D        | Killed a water elemental
   118 | D        | Reached skill level 5 in Unarmed Combat
   118 | D        | Reached XP level 5. HP: 4/55 MP: 4/4
   180 | D        | Killed a yaktaur
   208 | D        | Found a glowing silver altar of Zin.
   209 | D        | Found a glowing golden altar of the Shining One.
   209 | D        | Found a white marble altar of Elyvilon.
   209 | D        | Noticed a deep elf mage
   214 | D        | Killed from afar by a deep elf mage

Levels and vault maps discovered:
D:        dungeon_sprint_mu [sprint_mu_entry_cave, sprint_mu_temple_rooms,
          sprint_mu_d1_horrors, sprint_mu_d2_genie, sprint_mu_d3_branching,
          sprint_mu_orc_legion, sprint_mu_elf_gauntlet, sprint_mu_hive_nellie,
          sprint_mu_lair_fedhas, sprint_mu_vaults_butterflies,
          sprint_mu_slime_circle, sprint_mu_shoals_archi,
          sprint_mu_snake_twists, sprint_mu_blade_basic,
          sprint_mu_crypt_chambers, sprint_mu_tomb_spiral,
          sprint_mu_vestibule_basic, sprint_mu_gehenna_hellfire,
          sprint_mu_dis_giant, sprint_mu_tartarus_statrot,
          sprint_mu_cocytus_islands, sprint_mu_zot1]

Skill      XL: |  1  2  3  4 |
---------------+-------------+-----
Fighting       | 3 4 |  4.9
Dodging        | 3 4 |  4.9
Shields        | 3 4 |  4.9
Unarmed Combat | 3 4 5 |  5.4

Action                   |  1- 3 |  4- 6 || total
-------------------------+-------+-------++-------
Melee: Unarmed           |    13 |    17 ||    30
  Use: Potion            |       |     4 ||     4
 Stab: Sleeping          |     1 |       ||     1
Armor: Robe              |     2 |       ||     2
Dodge: Dodged            |     5 |     1 ||     6
Block: Shield            |     3 |     8 ||    11

Table legend:
 A = Non-vault XP
 B = Vault XP
 C = Vault XP percentage of total XP
 D = Non-vault monster count
 E = Vault monster count
 F = Vault count percentage of total count
                 A         B        C        D         E       F
            +---------+---------+-------+---------+---------+-------
      Total |       0 |     219 | 100.0 |       0 |       7 | 100.0
            +---------+---------+-------+---------+---------+-------
          D |       0 |     219 | 100.0 |       0 |       7 | 100.0
            +---------+---------+-------+---------+---------+-------
